 Dungeon Crawl Stone Soup version 0.20-a0-1039-gf554463 (webtiles) character file.

134 Deathtrap2010 the Ducker (level 4, -27/45 HPs)
             Began as a Troll Monk on Apr 21, 2017.
             Engulfed by a cloud of flame (30 damage)
             ... on level 3 of the Dungeon on Apr 22, 2017.
             The game lasted 00:08:27 (2060 turns).

Deathtrap2010 the Ducker (Troll Monk)               Turns: 2060, Time: 00:08:27

Health: -27/45     AC:  6    Str: 20    XL:     4   Next: 95%
Magic:  3/3        EV: 11    Int:  6    God:
Gold:   100        SH:  0    Dex: 12    Spells: 3/3 levels left

rFire    . . .     SeeInvis .     - Unarmed
rCold    + . .     Gourm    +   (no shield)
rNeg     . . .     Faith    .   a - +1 robe
rPois    +         Spirit   .   (helmet restricted)
rElec    .         Reflect  .   f - scarf {rC+}
rCorr    .         Harm     .   (gloves unavailable)
MR       .....                  (boots unavailable)
Stlth    ++........             (no amulet)
Regen    0.6/turn               j - ring of poison resistance
MPRegen  0.1/turn               (no ring)

@: no status effects
A: unfitting armour, claws 3, fast metabolism 3, gourmand, regeneration 1,
shaggy fur 1, tough skin 2
a: no special abilities


You were on level 3 of the Dungeon.
You were very hungry.

You visited 1 branch of the dungeon, and saw 3 of its levels.

You collected 100 gold pieces.

Inventory:

Armour
 a - a +1 robe (worn)
 f - a scarf of cold resistance (worn)
Jewellery
 j - a ring of poison resistance (left claw)
Scrolls
 c - a scroll of remove curse
 d - a scroll of amnesia
 e - a scroll of identify
Comestibles
 b - 2 bread rations


   Skills:
 * Level 3.5 Fighting
 * Level 4.1 Dodging
 * Level 2.5 Stealth
 * Level 2.3 Unarmed Combat


You had 3 spell levels left.
You didn't know any spells.

Dungeon Overview and Level Annotations

Branches:
Dungeon (3/15)

Altars:
Uskayaw


Innate Abilities, Weirdness & Mutations

You are too large for most types of armour.
You have claws for hands.
Your metabolism is lightning-fast.
You like to eat raw meat.
Your natural rate of healing is unusually fast.
You are covered in fur. (AC +1)
You have very tough skin. (AC +2)


Message History

It was a scroll of noise.
You hear a shout!
A goblin comes into view. It is wielding a dagger.
As you read the scroll labeled GAIFARIWAC, it crumbles to dust.
The creatures around you are filled with an inner flame!
It was a scroll of immolation.
A hobgoblin comes into view.
You see here a scroll of remove curse.
The hobgoblin shouts!
The goblin shouts!
You claw the goblin!
The goblin explodes!
The fiery explosion engulfs you!
Ouch! That really hurt!
* * * LOW HITPOINT WARNING * * *
The fiery explosion engulfs the hobgoblin.
You kill the hobgoblin!
You are engulfed in blazing flames.
Ouch! That really hurt!
You die...

###'#######.#
...........(# ###
#####.......######...
#.####.........# #.#
#.........# #.#
#.........### >#.#
#...?...§...# .####
##.....§....# .8##
#.....@....#
#.....$....#
#.[.....####
#.......# #.......#
#########


There were no monsters in sight!

Vanquished Creatures
  2 hounds (D:3)
  A gnoll (D:3)
  An adder (D:3)
  A worm (D:2)
  A leopard gecko (D:3)
  4 orcs (D:3)
  3 bats (D:1)
  A giant cockroach (D:1)
  7 goblins
  7 hobgoblins
  7 jackals
  5 kobolds
  2 frilled lizards
  4 rats
  A bush (D:3)
47 creatures vanquished.

Notes
Turn   | Place    | Note
-------+----------+-------------------------------------------
     0 | D:1      | Deathtrap2010 the Troll Monk began the quest for the Orb.
     0 | D:1      | Reached XP level 1. HP: 23/23 MP: 0/0
   249 | D:1      | Reached XP level 2. HP: 31/31 MP: 1/1
   947 | D:2      | Reached XP level 3. HP: 30/37 MP: 2/2
  1028 | D:2      | Reached skill level 1 in Unarmed Combat
  1363 | D:3      | Reached skill level 4 in Dodging
  1363 | D:3      | Reached XP level 4. HP: 45/45 MP: 3/3
  1813 | D:3      | Upgraded the game from 0.20-a0-1034-gb277f92 to 0.20-a0-1039-gf554463
  2007 | D:3      | Found a hide-covered altar of Uskayaw.
  2060 | D:3      | Engulfed by a cloud of flame

Vault maps used:
D:1:      scummos_arrival_gate, corexii_hall_statues_l
D:2:      grunt_ministairs_9
D:3:      nicolae_overflow_hidden_temple, first_bread,
          cheibrodos_sewer_entry_sluice, cheibrodos_gnoll_hut

Skill      XL: |  1  2  3  4 |
---------------+-------------+-----
Unarmed Combat | 1 2 |  2.3
Dodging        | 4 |  4.1
Fighting       | |  3.5
Stealth        | |  2.5

Action                   |  1- 3 |  4- 6 || total
-------------------------+-------+-------++-------
Melee: Unarmed           |   180 |    35 ||   215
       Punch             |     1 |       ||     1
  Use: Scroll            |     6 |     4 ||    10
       Potion            |     2 |     1 ||     3
 Stab: Sleeping          |     1 |       ||     1
  Eat: Chunk             |     5 |     6 ||    11
       Bread ration      |     1 |       ||     1
Armor: Robe              |    46 |    10 ||    56
Dodge: Dodged            |    80 |    27 ||   107
